 Dungeon Sprint DCSS version 0.27-a0-686-gaed091b46b (webtiles) character file.

Game seed: 10198948290481961002

1176 mhtbhm the Protected (level 8, -7/118 HPs)
             Began as a Minotaur Fighter on Mar 20, 2021.
             Was a High Priest of Trog.
             Mangled by a spriggan rider
             ... wielding a +0 spear
              (23 damage)
             ... in the Dungeon (Sprint VII: "The Pits").
             The game lasted 00:01:00 (787 turns).

mhtbhm the Protected (Minotaur Fighter)              Turns: 787, Time: 00:01:01

Health: -7/118     AC: 17    Str: 24    XL:     8   Next: 18%
Magic:  7/7        EV:  8    Int:  5    God:    Trog [*****.]
Gold:   0          SH: 12    Dex:  9    Spells: 7/7 levels left

rFire    . . .     SeeInvis .   a - +1 hand axe (freeze)
rCold    . . .     Faith    .   c - +0 kite shield
rNeg     . . .     Spirit   .   b - +2 plate armour
rPois    .         Reflect  .   (helmet restricted)
rElec    .         Harm     .   (no cloak)
rCorr    .         Rampage  .   (no gloves)
Will     .....     NoTele   +   (no boots)
Stlth    ..........             (no amulet)
HPRegen  0.29/turn              (no ring)
MPRegen  0.10/turn              (no ring)

@: berserking, very quick
A: horns 2, retaliatory headbutt
a: Renounce Religion, Berserk, Trog's Hand, Brothers in Arms


You were in the Dungeon.
You worshipped Trog.
Trog was extremely pleased with you.
You visited 1 branch

Inventory:

Hand Weapons
 a - a +1 hand axe of freezing (weapon)
Armour
 b - a +2 plate armour (worn)
 c - a +0 kite shield (worn)
Scrolls
 j - a scroll of blinking
 l - a scroll of summoning
Potions
 d - a potion of might
 e - 6 potions of curing
 f - 6 potions of heal wounds
 g - a potion of haste
 h - 4 potions of magic
 i - 3 potions of berserk rage
 k - 2 potions of invisibility


   Skills:
 + Level 10.1 Fighting
 + Level 10.5 Axes
 + Level 12.2 Armour
 + Level 4.5 Dodging
 + Level 0.6 Stealth
 + Level 10.6 Shields


You had 7 spell levels left.
You didn't know any spells.
Your spell library was empty.

Dungeon Overview and Level Annotations

Branches:
Dungeon (1/1)

Altars:
Cheibriados
Dithmenos
Elyvilon
Fedhas
Gozag
Hepliaklqana
Makhleb
Nemelex Xobeh
Okawaru
Qazlal
Ru
Sif Muna
Trog
Vehumet
Wu Jian
Xom
Yredelemnul
Zin
The Shining One
Beogh
Jiyva
Lugonu


Innate Abilities, Weirdness & Mutations

You have a pair of horns on your head.
You reflexively headbutt those who attack you in melee.


Message History

You hit the wolf. You freeze the wolf.
You kill the wolf!
Trog accepts your kill. The hound closely misses you. You furiously retaliate!
You headbutt the hound! You slash the hound! You freeze the hound.
You kill the hound!
Trog accepts your kill.
You closely miss the hobgoblin. The hobgoblin closely misses you.
You furiously retaliate!
You headbutt the hobgoblin!
You kill the hobgoblin!
Trog accepts your kill.
You slash the white imp!
The white imp is severely wounded.
The white imp gestures at you. The puff of frost hits you.
You closely miss the white imp. You headbutt the white imp.
You kill the white imp!
Trog accepts your kill.
There is an open door here.
Things that are here:
a +0 club; a hound corpse; a wolf corpse
There is an open door here.
Things that are here:
a +0 club; a hound corpse; a wolf corpse You open the door.
A spriggan rider, a cyclops and a zombie come into view.
The cyclops shouts!
The spriggan rider shouts!
The cyclops throws a large rock.
The large rock hits you!
Unknown command.
The spriggan rider hits you from afar with a +0 spear!
The cyclops throws a large rock.
The large rock hits you!!!
* * * LOW HITPOINT WARNING * * *
There is an open door, spattered with blood here.
A red film seems to cover your vision as you go berserk!
You feel yourself moving faster!
You feel mighty! You block the spriggan rider's attack.
The adder zombie bites you but does no damage.
You feel a strong urge to attack something.
The spriggan rider hits you with a +0 spear!!
You die...

#.##)#÷.#'###...<...#
#.#...)....##.......#
#.#.)......##.......#
#'###########.......#
#).#.#.##..##########
#)†.....#.######
##)#.#.##.#....#
#.†.....#)#Z...#
##.#.#.##.'@..C+
#.......#(#.i..#
##.#.#..†.#....#
###############


You could see a spriggan rider, a cyclops and an adder zombie.

Vanquished Creatures
  A cyclops (D)
  A warg (D)
  A floating eye (D)
  An ice beast (D)
  2 wolves (D)
  A gnoll sergeant (D)
  A scorpion (D)
  3 wights (D)
  A hound (D)
  A worker ant (D)
  5 gnolls (D)
  An adder (D)
  A white imp (D)
  An ooze (D)
  A bat skeleton (D)
  A giant cockroach (D)
  A goblin (D)
  A hobgoblin (D)
  A ball python (D)
  A bat (D)
27 creatures vanquished.

Notes
Turn   | Place    | Note
-------+----------+-------------------------------------------
     0 | D        | mhtbhm the Minotaur Fighter began the quest for the Orb.
     0 | D        | Reached XP level 1. HP: 19/19 MP: 0/0
    13 | D        | Reached skill level 4 in Armour
    13 | D        | Reached XP level 2. HP: 7/28 MP: 1/1
   247 | D        | Found a bloodstained altar of Trog.
   247 | D        | Found a shimmering blue altar of Sif Muna.
   247 | D        | Found a viscous altar of Jiyva.
   247 | D        | Found a hazy altar of Hepliaklqana.
   247 | D        | Found an opulent altar of Gozag.
   248 | D        | Found a glowing golden altar of the Shining One.
   248 | D        | Found a glowing silver altar of Zin.
   248 | D        | Found a basalt altar of Yredelemnul.
   248 | D        | Found a shimmering altar of Xom.
   248 | D        | Found an ornate altar of the Wu Jian Council.
   248 | D        | Found a sacrificial altar of Ru.
   248 | D        | Found a stormy altar of Qazlal.
   248 | D        | Found an iron altar of Okawaru.
   248 | D        | Found a sparkling altar of Nemelex Xobeh.
   248 | D        | Found a burning altar of Makhleb.
   248 | D        | Found a blossoming altar of Fedhas.
   248 | D        | Found a white marble altar of Elyvilon.
   248 | D        | Found a shadowy altar of Dithmenos.
   248 | D        | Found a snail-covered altar of Cheibriados.
   250 | D        | Found a radiant altar of Vehumet.
   250 | D        | Found a corrupted altar of Lugonu.
   252 | D        | Became a worshipper of Trog the Wrathful
   287 | D        | Noticed a floating eye
   291 | D        | Killed a floating eye
   292 | D        | Reached skill level 7 in Armour
   292 | D        | Reached XP level 3. HP: 33/39 MP: 2/2
   292 | D        | Reached XP level 4. HP: 40/47 MP: 3/3
   337 | D        | Reached * piety under Trog
   343 | D        | Reached XP level 5. HP: 52/52 MP: 4/4
   355 | D        | Reached ** piety under Trog
   356 | D        | Reached skill level 8 in Armour
   358 | D        | Reached skill level 5 in Axes
   358 | D        | Reached skill level 1 in Dodging
   358 | D        | Reached *** piety under Trog
   359 | D        | Reached skill level 9 in Armour
   363 | D        | Reached XP level 6. HP: 16/62 MP: 5/5
   636 | D        | Noticed an ice beast
   641 | D        | Killed an ice beast
   642 | D        | Reached skill level 10 in Armour
   644 | D        | Reached **** piety under Trog
   654 | D        | Reached ***** piety under Trog
   655 | D        | Reached XP level 7. HP: 70/70 MP: 6/6
   708 | D        | Reached skill level 11 in Armour
   708 | D        | Reached skill level 10 in Shields
   710 | D        | Noticed a cyclops
   716 | D        | Killed a cyclops
   717 | D        | Reached skill level 10 in Fighting
   717 | D        | Reached skill level 10 in Axes
   717 | D        | Reached skill level 12 in Armour
   717 | D        | Reached XP level 8. HP: 79/79 MP: 7/7
   784 | D        | Noticed a cyclops
   784 | D        | Noticed a spriggan rider
   787 | D        | Mangled by a spriggan rider

Illustrated notes

Levels and vault maps discovered:
D:        pitsprint [storerooms_1, entrance_room_1, metal_vault_1, armoury_1,
          mini_pit_1, grid_room_1, main_hall_1, silver_pit, the_coven_1,
          the_vestibule_1, steel_vault_1, golden_pit, hallway_of_sentries,
          crystal_vault_1, iron_vault_4, final_vault]

Skill      XL: |  1  2  3  4  5  6  7 |
---------------+----------------------+-----
Fighting       | 4 7 8 9 10 | 10.1
Armour         | 4 7 9 10 12 | 12.2
Shields        | 4 6 7 8 9 10 | 10.6
Axes           | 4 6 8 10 | 10.5
Dodging        | 1 3 4 |  4.5
Stealth        | |  0.6

Action                   |  1- 3 |  4- 6 |  7- 9 || total
-------------------------+-------+-------+-------++-------
Melee: War axe           |     3 |       |       ||     3
       Headbutt          |     1 |     5 |     6 ||    12
       Hand axe          |     3 |    30 |    23 ||    56
Invok: Berserk           |       |     2 |     2 ||     4
Armor: Scale mail        |     1 |     7 |       ||     8
       Plate armour      |       |    11 |     5 ||    16
Dodge: Dodged            |     2 |     8 |     4 ||    14
Block: Kite shield       |     2 |    26 |     7 ||    35

Table legend: (Time is in decaauts)
 A = Elapsed time spent in this place.
 B = Non-inter-level travel time spent in this place.
 C = Inter-level travel time spent in this place.
 D = Time resting spent in this place.
 E = Time spent auto-exploring this place.
 F = Levels seen in this place.
 G = Mean time per level.
                   A        B        C        D        E       F      G
               +--------+--------+--------+--------+--------+-----+--------+
         Total |    818 |    818 |      0 |    354 |    228 |   1 |  818.0 |
       Dungeon |    818 |    818 |      0 |    354 |    228 |   1 |  818.0 |
               +--------+--------+--------+--------+--------+-----+--------+

Top non-repeatable levels by time:
       D: 818 daAuts
